 Dungeon Sprint DCSS version bcrawl-1.27.1d (webtiles) character file.

Game seed: 15143670989399195029

29300000 Freyura the Axe Maniac (level 27, -145/323 HPs)
             Began as a Demonspawn Gladiator on July 26, 2020.
             Was the Champion of Makhleb.
             Annihilated by a fleshlord
             ... wielding a +9 great mace
              (406 damage)
             ... in the Dungeon (Sprint VIII: "Arena of Blood").
             The game lasted 00:11:14 (293 turns).

Freyura the Axe Maniac (Demonspawn Gladiator)        Turns: 293, Time: 00:11:15

Health: -145/323   AC:  6    Str: 15    XL:     27
Magic:  54/54      EV: 37    Int: 12    God:    Makhleb [******]
Gold:   0          SH:  0    Dex: 25    Spells: 80/80 levels left

rFire    + . .     SeeInvis .   l - +∞ Axe of Woe
rCold    . . .     Gourm    .   (shield currently unavailable)
rNeg     . . .     Faith    .   b - +0 leather armour
rPois    .         Spirit   .   (helmet unavailable)
rElec    .         Reflect  .   (no cloak)
rCorr    .         Harm     .   (gloves unavailable)
MR       ++...     NoTele   +   (boots unavailable)
Stlth    ++++++++++             (no amulet)
HPRegen  0.63/turn              m - +30 ring of slaying
MPRegen  0.34/turn              n - +30 ring of slaying

@: slowed, very slow
A: claws 3, hooves 3, horns 3, fire resistance 1, ignite blood, nightstalker 3,
robust 3, spiny 3, flame cloud immunity
a: Minor Destruction, Lesser Servant of Makhleb, Major Destruction, Greater
Servant of Makhleb, Renounce Religion


You were in the Dungeon.
You worshipped Makhleb.
Makhleb was exalted by your worship.
You were very hungry.

You visited 1 branch

Inventory:

Hand Weapons
 a - a +0 war axe
 l - the +∞ Axe of Woe (weapon)
   (You found it in the Dungeon)
Missiles
 d - 3 throwing nets {=f}
Armour
 b - a +0 leather armour (worn)
 c - a +0 helmet
Jewellery
 m - a +30 ring of slaying (left claw)
 n - a +30 ring of slaying (right claw)
 o - a +30 ring of slaying
 p - a +30 ring of slaying
 q - a +30 ring of slaying
 r - a +200 ring of slaying
 s - a +100 ring of slaying
 t - a +30 ring of slaying
 u - a +30 ring of slaying
 v - a +30 ring of slaying
Scrolls
 k - a scroll of blinking
Potions
 f - a potion of curing
 g - a potion of heal wounds
 h - a potion of haste
 i - 2 potions of magic
 j - a potion of berserk rage
Comestibles
 e - a ration {!d}


   Skills:
 O Level 27 Fighting
 O Level 27 Axes
 O Level 27 Throwing
 O Level 27 Armour
 O Level 27 Dodging
 O Level 27 Stealth
 O Level 27 Unarmed Combat
 O Level 27 Spellcasting
 O Level 27 Invocations


You had 80 spell levels left.
You didn't know any spells.
Your spell library was empty.

Dungeon Overview and Level Annotations

Branches:
Dungeon (1/1)

Altars:
Makhleb


Innate Abilities, Weirdness & Mutations

You have claws for hands.
You have hooves in place of feet.
You have a pair of large horns on your head.
Your flesh is heat resistant. (rF+)
Your demonic aura causes spilled blood to erupt in flames.
You are completely attuned to the shadows.
You are extremely robust. (+30% HP)
You are completely covered in sharp spines.
You are immune to clouds of flame.


Message History

Your body is wracked with pain!
The large abomination is engulfed in blazing flames.
You hear a shout! x5; You hear a roar!
You hear a shout!
You are too injured to fight recklessly!
You slice the large abomination like a ripe choko!!!
You chop the large abomination into pieces.
You destroy the large abomination!
You slice the fleshlord!!
You hew the fleshlord savagely.
You kill the fleshlord!
Makhleb accepts your kill.
You feel better. notify_dgn_event: Lua error: [string "global_prelude"]:208: Unknown spell name: 'call down damnation' in 'dig.26.natural;confuse.52.natural;miasma_breath.26.natural;call_down_damnation .26.natural' You hear a shout! x3
The tyrant gestures wildly while chanting.
The tyrant seems to speed up.
You hear a shout!
The destroyer blinks!
The fleshlord hits you with a +9 great mace!!!!!!
Ouch! That really hurt!
You die...

..#### .....####
.#####......####
...§°..........####
#.○@°............###
.o°p○V)).............
.#LOX§...#......)....
D§..X..####.)...)....


.XXLX.X. ...))..).... ...))#...... ............ .. .. .....#...).. #.. ..#
............ You could see a tentacled monstrosity, 2 tyrants, an eight-headed
meat hydra, a destroyer, a fleshlord, a large bag of meat (inner flame), 5 large
abominations and a bag of meat.

Vanquished Creatures
  14 hell knights (D)
  Edmund (D)
  9 greater mummies (D)
  11 great orbs of eyes (D)
  21 vampire knights (D)
  36 ogres (D)
  4 two-headed ogres (D)
  8 liches (D)
  3 hydras (D)
  71 orcs (D)
  8 phantoms (D)
  4 skeletal warriors (D)
  3 large abominations (D)
  A small abomination (D)
  4 crawling corpses (D)
198 creatures vanquished.

Vanquished Creatures (others)
  An orc (D)
1 creature vanquished.

Grand Total: 199 creatures vanquished

Notes
Turn   | Place    | Note
-------+----------+-------------------------------------------
     0 | D        | Found the +∞ Axe of Woe
     0 | D        | Freyura the Demonspawn Gladiator began the quest for the
                  | Orb.
     0 | D        | Reached XP level 1. HP: 16/16 MP: 1/1
     1 | D        | Noticed a meat berserker
     2 | D        | Noticed a bag of meat
     2 | D        | Noticed a bag of meat
     3 | D        | Noticed a bag of meat
     4 | D        | Killed a meat berserker
     4 | D        | Reached skill level 10 in Throwing
     4 | D        | Gained mutation: You are slightly more attuned to the
                  | shadows. [demonic ancestry]
     4 | D        | Reached XP level 2. HP: 38/38 MP: 2/2
     4 | D        | Reached XP level 3. HP: 44/44 MP: 3/3
     4 | D        | Gained mutation: You are partially covered in sharp spines.
                  | [demonic ancestry]
     4 | D        | Reached XP level 4. HP: 51/51 MP: 4/4
     4 | D        | Reached XP level 5. HP: 57/57 MP: 5/5
     4 | D        | Gained mutation: You have a pair of small horns on your
                  | head. [demonic ancestry]
     4 | D        | Reached XP level 6. HP: 64/64 MP: 6/6
     4 | D        | Gained mutation: You are significantly more attuned to the
                  | shadows. [demonic ancestry]
     4 | D        | Reached XP level 7. HP: 69/69 MP: 7/7
     4 | D        | Gained mutation: You have sharp fingernails. [demonic
                  | ancestry]
     4 | D        | Reached XP level 8. HP: 76/76 MP: 8/8
     4 | D        | Reached XP level 9. HP: 82/82 MP: 9/9
     4 | D        | Reached XP level 10. HP: 89/89 MP: 10/10
     4 | D        | Gained mutation: Your flesh is heat resistant. (rF+)
                  | [demonic ancestry]
     4 | D        | Reached XP level 11. HP: 95/95 MP: 11/11
     4 | D        | Gained mutation: You have a pair of horns on your head.
                  | [demonic ancestry]
     4 | D        | Reached XP level 12. HP: 102/102 MP: 12/12
     4 | D        | Gained mutation: You have a pair of large horns on your
                  | head. [demonic ancestry]
     4 | D        | Reached XP level 13. HP: 107/107 MP: 13/13
     5 | D        | Killed a bag of meat
     5 | D        | Noticed a meat berserker
     6 | D        | Became a worshipper of Makhleb the Destroyer
     8 | D        | Killed a meat berserker
     8 | D        | Gained mutation: You have large cloven feet. [demonic
                  | ancestry]
     8 | D        | Reached XP level 14. HP: 70/121 MP: 14/14
     9 | D        | Killed a bag of meat
     9 | D        | Reached * piety under Makhleb
     9 | D        | Reached skill level 15 in Fighting
     9 | D        | Gained mutation: You are immune to clouds of flame.
                  | [demonic ancestry]
     9 | D        | Reached XP level 15. HP: 75/129 MP: 15/15
    11 | D        | Noticed a meat berserker
    15 | D        | Killed a meat berserker
    15 | D        | Gained mutation: You have hoof-like feet. [demonic
                  | ancestry]
    15 | D        | Reached XP level 16. HP: 31/142 MP: 16/16
    20 | D        | Noticed a large bag of meat
    21 | D        | Killed a large bag of meat
    21 | D        | Reached ** piety under Makhleb
    21 | D        | Reached skill level 27 in Axes
    21 | D        | Reached skill level 27 in Dodging
    21 | D        | Noticed a destroyer
    25 | D        | Gained mutation: Your demonic aura causes spilled blood to
                  | erupt in flames. [demonic ancestry]
    25 | D        | Reached XP level 17. HP: 92/162 MP: 17/17
    29 | D        | Killed a destroyer
    29 | D        | Reached skill level 10 in Stealth
    37 | D        | Noticed a meat berserker
    38 | D        | Noticed a destroyer
    41 | D        | Killed a destroyer
    41 | D        | Reached *** piety under Makhleb
    41 | D        | Reached skill level 27 in Fighting
    41 | D        | Reached skill level 15 in Stealth
    41 | D        | Gained mutation: You have very sharp fingernails. [demonic
                  | ancestry]
    41 | D        | Reached XP level 18. HP: 182/182 MP: 18/18
    42 | D        | Killed a meat berserker
    42 | D        | Reached skill level 27 in Throwing
    44 | D        | Noticed a destroyer
    47 | D        | Noticed a destroyer
    47 | D        | Noticed a sculptor of flesh
    50 | D        | Killed a destroyer
    50 | D        | Reached skill level 27 in Stealth
    50 | D        | Gained mutation: You have claws for hands. [demonic
                  | ancestry]
    50 | D        | Reached XP level 19. HP: 189/189 MP: 19/19
    50 | D        | Noticed a tyrant
    52 | D        | Reached **** piety under Makhleb
    52 | D        | Reached skill level 5 in Armour
    52 | D        | Reached skill level 5 in Unarmed Combat
    52 | D        | Reached skill level 5 in Spellcasting
    53 | D        | Noticed a meat berserker
    55 | D        | Killed a tyrant
    55 | D        | Reached skill level 10 in Armour
    55 | D        | Reached skill level 10 in Unarmed Combat
    55 | D        | Reached skill level 10 in Spellcasting
    55 | D        | Killed a destroyer
    55 | D        | Reached skill level 15 in Armour
    55 | D        | Reached skill level 15 in Unarmed Combat
    55 | D        | Reached skill level 15 in Spellcasting
    55 | D        | Reached XP level 20. HP: 140/197 MP: 19/39
    56 | D        | Noticed an accursed
    57 | D        | Reached ***** piety under Makhleb
    58 | D        | Killed a meat berserker
    61 | D        | Killed an accursed
    61 | D        | Reached skill level 27 in Invocations
    61 | D        | Gained mutation: You are completely attuned to the shadows.
                  | [demonic ancestry]
    61 | D        | Reached XP level 21. HP: 204/204 MP: 21/47
    67 | D        | Gained mutation: You have hooves in place of feet. [demonic
                  | ancestry]
    67 | D        | Reached XP level 22. HP: 212/212 MP: 24/50
    76 | D        | Noticed a destroyer
    79 | D        | Reached skill level 27 in Armour
    79 | D        | Reached skill level 27 in Unarmed Combat
    79 | D        | Reached skill level 27 in Spellcasting
    79 | D        | Killed a destroyer
    80 | D        | Reached ****** piety under Makhleb
    80 | D        | Gained mutation: You are mostly covered in sharp spines.
                  | [demonic ancestry]
    80 | D        | Reached XP level 23. HP: 219/219 MP: 29/54
    83 | D        | Gained mutation: You are robust. (+10% HP) [demonic
                  | ancestry]
    83 | D        | Reached XP level 24. HP: 208/249 MP: 30/54
    84 | D        | Noticed an accursed
    85 | D        | Gained mutation: You are very robust. (+20% HP) [demonic
                  | ancestry]
    85 | D        | Reached XP level 25. HP: 249/280 MP: 30/54
    87 | D        | Noticed a destroyer
    87 | D        | Noticed a destroyer
    89 | D        | Gained mutation: You are extremely robust. (+30% HP)
                  | [demonic ancestry]
    89 | D        | Reached XP level 26. HP: 280/314 MP: 31/54
    89 | D        | Killed a destroyer
    89 | D        | Noticed a tyrant
    90 | D        | Noticed an accursed
    91 | D        | Killed an accursed
    92 | D        | Killed a destroyer
    92 | D        | Gained mutation: You are completely covered in sharp
                  | spines. [demonic ancestry]
    92 | D        | Reached XP level 27. HP: 323/323 MP: 32/54
    94 | D        | Killed a tyrant
    94 | D        | Noticed a destroyer
    98 | D        | Killed an accursed
   100 | D        | Killed a destroyer
   102 | D        | Noticed a tyrant
   103 | D        | Noticed an accursed
   103 | D        | Noticed a destroyer
   103 | D        | HP: 15/323 [accursed/divine providence (10)]
   104 | D        | Killed a tyrant
   104 | D        | Noticed a destroyer
   105 | D        | Killed a destroyer
   106 | D        | Noticed a fleshlord
   106 | D        | Noticed a fleshlord
   106 | D        | Noticed a fleshlord
   107 | D        | Killed a fleshlord
   109 | D        | Killed a fleshlord
   109 | D        | Killed a destroyer
   109 | D        | Noticed a fleshlord
   110 | D        | Noticed a fleshlord
   111 | D        | Noticed a fleshlord
   111 | D        | Noticed an accursed
   112 | D        | Killed an accursed
   113 | D        | Killed a fleshlord
   113 | D        | Noticed a tyrant
   114 | D        | Killed a fleshlord
   114 | D        | Noticed a fleshlord
   115 | D        | Killed a fleshlord
   115 | D        | Noticed a large bag of meat
   116 | D        | Killed an accursed
   117 | D        | Killed a fleshlord
   118 | D        | Killed a fleshlord
   120 | D        | Killed a tyrant
   121 | D        | Noticed a destroyer
   122 | D        | Killed a large bag of meat
   124 | D        | Killed a destroyer
   127 | D        | Noticed a destroyer
   127 | D        | Noticed an accursed
   135 | D        | Killed a destroyer
   136 | D        | Killed an accursed
   137 | D        | Noticed a destroyer
   144 | D        | Killed a destroyer
   155 | D        | Noticed The Defiler
   158 | D        | Killed The Defiler
   160 | D        | Noticed a fleshlord
   164 | D        | Noticed a fleshlord
   165 | D        | Killed a fleshlord
   165 | D        | Noticed a destroyer
   167 | D        | Noticed a destroyer
   169 | D        | Killed a destroyer
   170 | D        | Noticed a destroyer
   170 | D        | HP: 10/323 [fleshlord/+9 great mace (313)]
   171 | D        | Killed a fleshlord
   172 | D        | Noticed an accursed
   173 | D        | Killed a destroyer
   174 | D        | Noticed a destroyer
   175 | D        | Killed a destroyer
   176 | D        | Noticed a large bag of meat
   177 | D        | Noticed a fleshlord
   178 | D        | Killed an accursed
   180 | D        | Noticed a large bag of meat
   181 | D        | Killed a destroyer
   183 | D        | Killed a fleshlord
   184 | D        | Killed a large bag of meat
   184 | D        | Killed a large bag of meat
   192 | D        | Noticed a fleshlord
   195 | D        | Killed a fleshlord
   202 | D        | Noticed a fleshlord
   203 | D        | Noticed a destroyer
   204 | D        | Noticed an accursed
   205 | D        | Killed a fleshlord
   205 | D        | Noticed a destroyer
   207 | D        | Noticed a tyrant
   209 | D        | Killed a destroyer
   209 | D        | Killed a destroyer
   211 | D        | Killed an accursed
   212 | D        | Killed a tyrant
   220 | D        | Noticed a tyrant
   223 | D        | Killed a tyrant
   243 | D        | Noticed a fleshlord
   246 | D        | Noticed an accursed
   247 | D        | Killed a fleshlord
   250 | D        | Killed an accursed
   269 | D        | Noticed a tyrant
   271 | D        | Noticed a tyrant
   273 | D        | Killed a tyrant
   282 | D        | Noticed a destroyer
   282 | D        | Noticed a tyrant
   285 | D        | Killed a destroyer
   286 | D        | Noticed a destroyer
   289 | D        | Noticed a fleshlord
   289 | D        | Noticed a tyrant
   289 | D        | Noticed a large bag of meat
   289 | D        | Noticed a fleshlord
   290 | D        | Killed a tyrant
   291 | D        | Noticed a destroyer
   292 | D        | Killed a destroyer
   292 | D        | Noticed a tyrant
   293 | D        | Killed a fleshlord
   293 | D        | Annihilated by a fleshlord

Skill      XL: |  1  2  3  4  5  6  7  8  9 10 11 12 13 14 15 16 17 18 19 20 21 22 |
---------------+-------------------------------------------------------------------+-----
Fighting       | 11 14 15 17 22 27 | 27.0
Axes           | 19 23 24 26 27 | 27.0
Throwing       | 10 12 13 14 17 25 27 | 27.0
Dodging        | 18 22 23 25 27 | 27.0
Stealth        | 6 15 27 | 27.0
Armour         | 15 22 24 27 | 27.0
Unarmed Combat | 15 23 24 27 | 27.0
Spellcasting   | 15 22 24 27 | 27.0
Invocations    | 20 27 | 27.0

Action                   |  1- 3 |  4- 6 |  7- 9 | 10-12 | 13-15 | 16-18 | 19-21 | 22-24 | 25-27 || total
-------------------------+-------+-------+-------+-------+-------+-------+-------+-------+-------++-------
Melee: Executioner's axe |     1 |       |       |       |     5 |     6 |     8 |     7 |   109 ||   136
Invok: Greater Servant o |       |       |       |       |       |       |       |       |     1 ||     1
 Stab: Distracted        |       |       |       |       |       |     2 |       |       |       ||     2
Armor: Leather armour    |       |       |       |       |       |       |       |       |     1 ||     1
Dodge: Dodged            |       |       |       |       |       |       |     1 |       |    17 ||    18
